 Dungeon Crawl Stone Soup version 0.19.1 (webtiles) character file.

28 Melicamp the Ruffian (level 3, 0/31 HPs)
             Began as a Naga Transmuter on Dec 1, 2016.
             Slain by a goblin (3 damage)
             ... led by Robin
             ... on level 2 of the Dungeon.
             The game lasted 00:04:49 (1320 turns).

Melicamp the Ruffian (Naga Transmuter)              Turns: 1320, Time: 00:04:50

Health: 0/31       AC:  2    Str: 13    XL:     3   Next: 14%
Magic:  6/6        EV: 10    Int: 13    God:
Gold:   26         SH:  0    Dex: 11    Spells: 2 memorised, 3 levels left

rFire  . . .     SeeInvis +       - Unarmed
rCold  . . .     Gourm    .     b - +0 robe
rNeg   . . .     Faith    .     (no shield)
rPois  +         Spirit   .     (no helmet)
rElec  .         Reflect  .     (no cloak)
rCorr  .         Harm     .     (no gloves)
MR     .....                    (no barding)
Stlth  +.........               (no amulet)
                                (no ring)
                                (no ring)

@: very slightly contaminated, hasted, quick
A: see invisible, deformed body, poison resistance, slowness 2, slow metabolism
1, spit poison 1, AC +1
a: Spit Poison


You were on level 2 of the Dungeon.
You were not hungry.

You visited 1 branch of the dungeon, and saw 2 of its levels.

You collected 26 gold pieces.

Inventory:

Missiles
 a - 12 arrows
Armour
 b - a +0 robe (worn)
Potions
 e - a potion of haste
 f - 2 potions of curing {unknown}
 g - 2 potions of berserk rage {unknown}
 i - 2 potions of heal wounds {unknown}
Books
 c - a book of Changes

   Spells                             Type                      Level
   a - Beastly Appendage              Transmutation                1
   b - Sticks to Snakes               Transmutation                2
   c - Spider Form                    Transmutation/Poison         3
   d - Ice Form                       Ice/Transmutation            4
   e - Blade Hands                    Transmutation                5
Comestibles
 d - a bread ration
 h - a meat ration
 j - a royal jelly
 k - 5 chunks of flesh


   Skills:
 - Level 1.0 Fighting
 - Level 1.5 Dodging
 * Level 4.2 Unarmed Combat
 - Level 2.0 Spellcasting
 - Level 2.0 Transmutations


You had 3 spell levels left.
You knew the following spells:

 Your Spells              Type           Power        Failure   Level  Hunger
a - Beastly Appendage     Tmut           #.....       12%         1    ##.....
b - Sticks to Snakes      Tmut           #.......     17%         2    ###....


Dungeon Overview and Level Annotations

Branches:
Dungeon (2/15)

Altars:
Qazlal

Annotations:
D:2 Robin


Innate Abilities, Weirdness & Mutations

You cannot wear boots.
Your serpentine skin is tough. (AC +1)
You have supernaturally acute eyesight. (SInv)
Armour fits poorly on your strangely shaped body.
Your system is resistant to poisons. (rPois)
You cover ground very slowly.
You have a slow metabolism.
You can spit poison.


Message History

The goblin barely misses you.
You barely miss the goblin.
The goblin is heavily wounded.
The goblin closely misses you. Robin hits you from afar with a spear.
The goblin barely misses you.
You closely miss the goblin.
The goblin is heavily wounded.
The goblin closely misses you. Robin throws the goblin at you!
The goblin closely misses you. The goblin hits you.
The goblin hits you with a club. The goblin hits you.
Robin throws the goblin at you!
* * * LOW HITPOINT WARNING * * *
You feel yourself speed up. The goblin misses you.
The goblin barely misses you. The goblin closely misses you.
The goblin hits you.
* * * LOW HITPOINT WARNING * * *
Robin hits you but does no damage.
You are very lightly contaminated with residual magic.
The goblin hits you.
You die...

. .. .# .# ##.# #..#
########.#### .#
####..gg@......##..#
#......gg...)<....#
#.###g###...)).####
#. #......# #g
#......... .g
+......#### ##
#..##### ## #..# ##
#..#


You could see Robin and 4 goblins.

Vanquished Creatures
  2 dart slugs (D:1)
  2 leopard geckos (D:1)
  2 ball pythons (D:1)
  5 goblins
  2 hobgoblins (D:1)
  3 frilled lizards (D:1)
  3 kobolds
  2 rats (D:1)
21 creatures vanquished.

Notes
Turn   | Place    | Note
-------+----------+-------------------------------------------
     0 | D:1      | Melicamp the Naga Transmuter began the quest for the Orb.
     0 | D:1      | Reached XP level 1. HP: 18/18 MP: 3/3
   357 | D:1      | Reached XP level 2. HP: 22/25 MP: 3/5
   908 | D:1      | Reached skill level 4 in Unarmed Combat
  1006 | D:1      | Learned a level 2 spell: Sticks to Snakes
  1154 | D:1      | Reached XP level 3. HP: 29/31 MP: 6/6
  1295 | D:2      | Found a stormy altar of Qazlal.
  1295 | D:2      | Noticed Robin
  1320 | D:2      | Slain by a goblin

Skill      XL: |  1  2 |
---------------+-------+-----
Unarmed Combat | 4 |  4.2
Fighting       | |  1.0
Dodging        | |  1.5
Spellcasting   | |  2.0
Transmutations | |  2.0

Action                   || total
-------------------------++-------
Melee: Unarmed           ||    81
       Headbutt          ||     3
 Cast: Beastly Appendage ||     5
  Use: Scroll            ||     2
       Potion            ||     1
  Eat: Chunk             ||     1
Armor: Robe              ||     5
Dodge: Dodged            ||    48
